 Dungeon Crawl Stone Soup version 0.31-a0-152-g6aa68a64a1 (webtiles) character file.

Game seed: 17955671350778431587

18 qw the Shooter (level 2, -1/26 HPs)
             Began as a Naga Hunter on June 11, 2023.
             Slain by a jackal (2 damage)
             ... on level 1 of the Dungeon.
             The game lasted 00:00:11 (596 turns).

qw the Shooter (Naga Hunter)                         Turns: 596, Time: 00:00:11

Health: -1/26      AC:  2    Str: 13    XL:     2   Next: 66%
Magic:  2/2        EV:  9    Int:  9    God:
Gold:   50         SH:  0    Dex: 14    Spells: 1/1 levels left

rFire   . . .        Y - +2 shortbow
rCold   . . .        (shield currently unavailable)
rNeg    . . .        c - +0 leather armour
rPois   +            (no helmet)
rElec   .            (no cloak)
rCorr   .            (no gloves)
SInv    +            (no barding)
Will    .....        (no amulet)
Stlth   ++           (no ring)
HPRegen 0.24/turn    (no ring)
MPRegen 0.08/turn

%: no passive effects
@: very slow
A: AC +0, large, see invisible, deformed body, poison resistance, slowness 2,
spit poison 1, naga tail 1
a: Spit Poison


You were on level 1 of the Dungeon.
You visited 1 branch of the dungeon, and saw 2 of its levels.

You collected 50 gold pieces.


Innate Abilities, Weirdness & Mutations

Your serpentine skin is tough. (AC +0)
You have supernaturally acute eyesight. (SInv)
Armour fits poorly on your strangely shaped body.
Your system is resistant to poisons. (rPois)
You cover ground very slowly.
You can spit poison.
You have a snake-like lower body.


   Skills:
 - Level 2.0 Fighting
 + Level 4.3 Ranged Weapons
 - Level 1.5 Dodging
 - Level 1.5 Stealth


You had one spell level left.
You didn't know any spells.
Your spell library was empty.

Inventory:

Hand Weapons
 Y - a +2 shortbow (weapon)
Armour
 c - a +0 leather armour (worn)
Scrolls
 a - a scroll of identify
Potions
 g - a potion of curing {unknown}
 h - a potion of invisibility {unknown}
 i - a potion of haste {unknown}

Dungeon Overview and Level Annotations

Branches:
Dungeon (2/15)

Altars:


Message History

The jackal is moderately wounded.
The jackal barely misses you. The jackal closely misses you.
The jackal bites you but does no damage.
The jackal completely misses you.
You shoot an arrow. The arrow closely misses the jackal.
The hobgoblin hits you. The jackal closely misses you. The jackal bites you.
The hobgoblin barely misses you.
589 ||| STAIRDANCE You have got your breath back.
The jackal bites you.
The jackal bites you but does no damage. x2
The jackal misses you. The hobgoblin barely misses you.
You climb upwards.
There is a stone staircase leading down here.
Enter note:
Enter note:
Enter note:
Enter note:
591 ||| INVOKING Spit Poison.
Aiming: Spit Poison (2% risk of failure)
Press: ? - help, Shift-Dir - straight line, f - jackal The splash of poison hits the jackal!
The jackal is poisoned.
You kill the jackal!
The jackal bites you. The hobgoblin hits you.
You shoot an arrow. The arrow hits the hobgoblin.
The hobgoblin is moderately wounded.
The jackal bites you. The jackal barely misses you. The hobgoblin hits you.
You shoot an arrow. The arrow closely misses the hobgoblin.
The jackal closely misses you. The hobgoblin hits you.
You shoot an arrow. The arrow hits the hobgoblin.
You kill the hobgoblin!
The jackal bites you. The jackal barely misses you.
You shoot an arrow. The arrow hits the jackal.
The jackal is heavily wounded.
The jackal bites you. The jackal closely misses you.
You shoot an arrow. The arrow barely misses the jackal.
You have got your breath back.
The jackal bites you but does no damage.
The jackal bites you.
You die...

#...##........# #..#
####. ###..#?.......#
#..# #. ##
##.'........# #..# #.
.### ###........###.##
#. ...###
###......##..# ###.
.....##
##....###..########...
......##
#....###..#.....%#.##
##.....##
#..h.##...#.###.##.#
###...).#
#..%@.......#.#.##.#
..##....##
###########...#%...#
..###....# ###.######
...##....# #.#
#..##....# #.#
..###....# ######
#####.#
..##....#####....#
#.....# ###....##
#......####'#####
#......#
#.......%.....#


You could see a jackal.

Vanquished Creatures
  2 endoplasms (D:1)
  A goblin (D:1)
  A hobgoblin (D:1)
  3 jackals
  A kobold (D:1)
  2 quokkas (D:1)
  2 ball pythons (D:1)
  A bat (D:1)
  2 frilled lizards (D:1)
  A rat (D:1)
16 creatures vanquished.

Notes
Turn   | Place    | Note
-------+----------+-------------------------------------------
     0 | D:1      | qw the Naga Hunter began the quest for the Orb.
     0 | D:1      | Reached XP level 1. HP: 19/19 MP: 1/1
     0 | D:1      | 0 ||| qw: Version: 0.2-a-29-g99eb96e
     0 | D:1      | 0 ||| qw: Game counter: 4085
     0 | D:1      | 0 ||| qw: Always use a shield: true
     0 | D:1      | 0 ||| qw: God list: Okawaru
     0 | D:1      | 0 ||| qw: Allow faded altars: false
     0 | D:1      | 0 ||| qw: Do Orc after D:15 true
     0 | D:1      | 0 ||| qw: Do second Lair branch before Depths: true
     0 | D:1      | 0 ||| qw: Lair rune preference: random
     0 | D:1      | 0 ||| qw: Plans: Normal
     0 | D:1      | 0 ||| PLANNING D:1-11
   118 | D:1      | 118 ||| INVOKING Spit Poison.
   213 | D:1      | 213 ||| INVOKING Spit Poison.
   275 | D:1      | 275 ||| INVOKING Spit Poison.
   281 | D:1      | 281 ||| INVOKING Spit Poison.
   307 | D:1      | 307 ||| INVOKING Spit Poison.
   313 | D:1      | 313 ||| INVOKING Spit Poison.
   314 | D:1      | Reached skill level 4 in Ranged Weapons
   314 | D:1      | Reached XP level 2. HP: 26/26 MP: 2/2
   336 | D:1      | 336 ||| INVOKING Spit Poison.
   465 | D:1      | 465 ||| INVOKING Spit Poison.
   518 | D:1      | 518 ||| INVOKING Spit Poison.
   568 | D:1      | 568 ||| READING 2 scrolls labelled AVAG BOTREDI.
   569 | D:1      | 569 ||| READING scroll labelled REMPUOBRIULE.
   570 | D:1      | 570 ||| READING 2 scrolls labelled EDER GEWAAM.
   571 | D:1      | 571 ||| READING scroll of enchant weapon.
   571 | D:1      | 571 ||| ENCHANTING +1 shortbow.
   572 | D:1      | 572 ||| READING scroll labelled UFAPIFOTETU.
   573 | D:1      | 573 ||| DROPPING scroll of butterflies.
   583 | D:2      | 583 ||| INVOKING Spit Poison.
   586 | D:2      | 586 ||| INVOKING Spit Poison.
   589 | D:2      | 589 ||| STAIRDANCE
   591 | D:1      | 591 ||| INVOKING Spit Poison.
   592 | D:1      | HP: 5/26 [hobgoblin (2)]
   595 | D:1      | HP: 1/26 [jackal (2)]
   596 | D:1      | Slain by a jackal

Levels and vault maps discovered:
D:1:      dpeg_arrival_snail, layout_basic, palyth_stone_intersect
D:2:      layout_rooms, uniq_crazy_yiuf_cottage

Skill      XL: |  1 |
---------------+----+-----
Ranged Weapons | 4 |  4.3
Fighting       | |  2.0
Dodging        | |  1.5
Stealth        | |  1.5

Action                     || total
---------------------------++-------
   Fire: Shortbow          ||    16
Ability: Spit Poison       ||    12
    Use: Scroll            ||     5
 Armour: Leather armour    ||     6
  Dodge: Dodged            ||    15

Table legend:
 A = Non-vault XP
 B = Vault XP
 C = Vault XP percentage of total XP
 D = Non-vault monster count
 E = Vault monster count
 F = Vault count percentage of total count
                 A         B        C        D         E       F
            +---------+---------+-------+---------+---------+-------
      Total |      26 |       0 |   0.0 |      16 |       0 |   0.0
            +---------+---------+-------+---------+---------+-------
        D:1 |      22 |       0 |   0.0 |      14 |       0 |   0.0
        D:2 |       4 |       0 |   0.0 |       2 |       0 |   0.0
            +---------+---------+-------+---------+---------+-------
